| TOP OF THE 1ST |
|
Greenville Drive batting - Pitching for Lake County Captains : RHP Nesty Pulido
|
|
Pitching: RHP Nesty Pulido
|
|
|
Batting: RHB Aukukero Tairi
|
0-0: Ball 1-0: Swinging Strike 1-1: Ground out 6-3 (Groundball, 6MD, EV 89.4 MPH)
|
|
Batting: SHB Salvador Padilla
|
0-0: Called Strike 0-1: Ball 1-1: Foul Ball, location: 2F 1-2: Ball 2-2: Strikes out looking
|
|
Batting: SHB Robert Soto
|
0-0: Called Strike 0-1: Ball 1-1: Ground out 5-3 (Groundball, 15, EV 83.1 MPH)
|
| Top of the 1st over - 0 runs, 0 hits, 0 errors, 0 left on base; Greenville 0 - Lake County 0 |
| BOTTOM OF THE 1ST |
|
Lake County Captains batting - Pitching for Greenville Drive : RHP John LaMotte
|
|
Pitching: RHP John LaMotte
|
|
|
Batting: RHB Patrick Pinault
|
0-0: Ball 1-0: Called Strike 1-1: Foul Ball, location: 2F 1-2: Foul Ball, location: 2F 1-2: SINGLE (Groundball, 56D, EV 103.8 MPH) (infield hit)
|
|
Batting: RHB Josh Patterson
|
0-0: Ball 1-0: Called Strike 1-1: Foul Ball, location: 2F 1-2: Foul Ball, location: 2F 1-2: Foul Ball, location: 2F 1-2: Foul Ball, location: 2F 1-2: SINGLE (Groundball, 4D, EV 102.5 MPH) Patrick Pinault to second Runner from 2nd tries for 3rd, OUT! 8-5 Josh Patterson to second
|
|
Batting: LHB Esteban Cordova
|
0-0: Ball 1-0: Ball 2-0: Foul Ball, location: 2F 2-1: Foul Ball, location: 2F 2-2: Strikes out swinging
|
|
Batting: RHB Jose Valtierra
|
0-0: Ball 1-0: Ball 2-0: Ground out 3-1 (Groundball, 34, EV 81.2 MPH)
|
| Bottom of the 1st over - 0 runs, 2 hits, 0 errors, 1 left on base; Greenville 0 - Lake County 0 |
| TOP OF THE 2ND |
|
Greenville Drive batting - Pitching for Lake County Captains : RHP Nesty Pulido
|
|
Batting: LHB Danny Montoya
|
0-0: Called Strike 0-1: Foul Ball, location: 2F 0-2: Ball 1-2: Foul Ball, location: 2F 1-2: Ball 2-2: Strikes out swinging
|
|
Batting: RHB Alex Cardenas
|
0-0: Ground out 5-3 (Groundball, 5L, EV 96.9 MPH)
|
|
Batting: RHB Adugna Chandu
|
0-0: Ball 1-0: Fly out, F4 (Popup, 34S, EV 87.5 MPH)
|
| Top of the 2nd over - 0 runs, 0 hits, 0 errors, 0 left on base; Greenville 0 - Lake County 0 |
| BOTTOM OF THE 2ND |
|
Lake County Captains batting - Pitching for Greenville Drive : RHP John LaMotte
|
|
Batting: RHB Carlos Salazar
|
0-0: Called Strike 0-1: Swinging Strike 0-2: Strikes out swinging, 2-3 out at first.
|
|
Batting: RHB Steve Gusman
|
0-0: Ball 1-0: Ground out 6-3 (Groundball, 56, EV 84.4 MPH)
|
|
Batting: RHB Tony Gonzales
|
0-0: Ball 1-0: Called Strike 1-1: Foul Ball, location: 2F 1-2: Foul Ball, location: 2F 1-2: Ball 2-2: Strikes out swinging
|
| Bottom of the 2nd over - 0 runs, 0 hits, 0 errors, 0 left on base; Greenville 0 - Lake County 0 |
| TOP OF THE 3RD |
|
Greenville Drive batting - Pitching for Lake County Captains : RHP Nesty Pulido
|
|
Batting: RHB Mario Arriero
|
0-0: Ground out 6-3 (Groundball, 6, EV 104.4 MPH)
|
|
Batting: LHB Robert Gonzalez
|
0-0: Ball 1-0: Ball 2-0: Called Strike 2-1: Foul Ball, location: 2F 2-2: Ground out U3 (Groundball, 3, EV 85.0 MPH)
|
|
Batting: RHB Bobby Schimke
|
0-0: Ball 1-0: Fly out, F8 (Flyball, 8LXD, EV 91.2 MPH)
|
| Top of the 3rd over - 0 runs, 0 hits, 0 errors, 0 left on base; Greenville 0 - Lake County 0 |
| BOTTOM OF THE 3RD |
|
Lake County Captains batting - Pitching for Greenville Drive : RHP John LaMotte
|
|
Batting: RHB Tacito Carreiro
|
0-0: Ball 1-0: Ball 2-0: Ground out 6-3 (Groundball, 6, EV 90.0 MPH)
|
|
Batting: RHB Juan Ordonez
|
0-0: Ball 1-0: Bunt missed! 1-1: Fly out, F9 (Line Drive, 9, EV 93.8 MPH)
|
|
Batting: RHB Patrick Pinault
|
0-0: Ball 1-0: SINGLE (Groundball, 5S, EV 68.1 MPH) (infield hit)
|
|
Batting: RHB Josh Patterson
|
0-0: Ball Patrick Pinault steals 2nd, throwing error, E2 Patrick Pinault to third 1-0: Ball 2-0: Foul Ball, location: 2F 2-1: Ball 3-1: Called Strike 3-2: Foul Ball, location: 2F 3-2: Foul Ball, location: 2F 3-2: Strikes out swinging
|
| Bottom of the 3rd over - 0 runs, 1 hit, 1 error, 1 left on base; Greenville 0 - Lake County 0 |
| TOP OF THE 4TH |
|
Greenville Drive batting - Pitching for Lake County Captains : RHP Nesty Pulido
|
|
Batting: RHB Aukukero Tairi
|
0-0: Foul Ball, location: 2F 0-1: Foul Ball, location: 2F 0-2: Ball 1-2: Strikes out looking
|
|
Batting: SHB Salvador Padilla
|
0-0: Ball 1-0: Ground out 4-3 (Groundball, 4, EV 107.5 MPH)
|
|
Batting: SHB Robert Soto
|
0-0: Foul Ball, location: 2F 0-1: Foul Ball, location: 2F 0-2: Ball 1-2: Strikes out looking
|
| Top of the 4th over - 0 runs, 0 hits, 0 errors, 0 left on base; Greenville 0 - Lake County 0 |
| BOTTOM OF THE 4TH |
|
Lake County Captains batting - Pitching for Greenville Drive : RHP John LaMotte
|
|
Batting: LHB Esteban Cordova
|
0-0: Called Strike 0-1: Ball 1-1: Ground out 4-3 (Groundball, 4, EV 80.0 MPH)
|
|
Batting: RHB Jose Valtierra
|
0-0: Swinging Strike 0-1: Ball 1-1: Swinging Strike 1-2: Ball 2-2: Strikes out looking
|
|
Batting: RHB Carlos Salazar
|
0-0: Foul Ball, location: 2F 0-1: Foul Ball, location: 2F 0-2: Foul Ball, location: 2F 0-2: Ball 1-2: Strikes out looking
|
| Bottom of the 4th over - 0 runs, 0 hits, 0 errors, 0 left on base; Greenville 0 - Lake County 0 |
| TOP OF THE 5TH |
|
Greenville Drive batting - Pitching for Lake County Captains : RHP Nesty Pulido
|
|
Batting: LHB Danny Montoya
|
0-0: Fly out, F7 (Flyball, 7D, EV 85.6 MPH)
|
|
Batting: RHB Alex Cardenas
|
0-0: Ball 1-0: Ground out 4-3 (Groundball, 4, EV 90.0 MPH)
|
|
Batting: RHB Adugna Chandu
|
0-0: Ball 1-0: Swinging Strike 1-1: Foul Ball, location: 2F 1-2: Strikes out swinging
|
| Top of the 5th over - 0 runs, 0 hits, 0 errors, 0 left on base; Greenville 0 - Lake County 0 |
| BOTTOM OF THE 5TH |
|
Lake County Captains batting - Pitching for Greenville Drive : RHP John LaMotte
|
|
Batting: RHB Steve Gusman
|
0-0: Called Strike 0-1: Called Strike 0-2: Foul Ball, location: 2F 0-2: Foul Ball, location: 2F 0-2: Ball 1-2: Ball 2-2: Ground out 5-3 (Groundball, 56, EV 87.5 MPH)
|
|
Batting: RHB Tony Gonzales
|
0-0: Ground out 6-3 (Groundball, 56, EV 95.0 MPH)
|
|
Batting: RHB Tacito Carreiro
|
0-0: Ball 1-0: Foul Ball, location: 2F 1-1: Ball 2-1: Ground out 6-3 (Groundball, 6D, EV 104.4 MPH)
|
| Bottom of the 5th over - 0 runs, 0 hits, 0 errors, 0 left on base; Greenville 0 - Lake County 0 |
| TOP OF THE 6TH |
|
Greenville Drive batting - Pitching for Lake County Captains : RHP Nesty Pulido
|
|
Batting: RHB Mario Arriero
|
0-0: Ball 1-0: Ball 2-0: Foul Ball, location: 2F 2-1: Fly out, F7 (Flyball, 7, EV 92.5 MPH)
|
|
Batting: LHB Robert Gonzalez
|
0-0: Called Strike 0-1: Called Strike 0-2: Foul Ball, location: 2F 0-2: Foul Ball, location: 2F 0-2: Foul Ball, location: 2F 0-2: Ball 1-2: Ball 2-2: Foul Ball, location: 2F 2-2: Strikes out swinging
|
|
Batting: RHB Bobby Schimke
|
0-0: Ground out 5-3 (Groundball, 5, EV 88.1 MPH)
|
| Top of the 6th over - 0 runs, 0 hits, 0 errors, 0 left on base; Greenville 0 - Lake County 0 |
| BOTTOM OF THE 6TH |
|
Lake County Captains batting - Pitching for Greenville Drive : RHP John LaMotte
|
|
Batting: RHB Juan Ordonez
|
0-0: Fly out, F5 (Popup, 5SF, EV 80.6 MPH)
|
|
Batting: RHB Patrick Pinault
|
0-0: Ball 1-0: Ball 2-0: Ball 3-0: Called Strike 3-1: Foul Ball, location: 2F 3-2: Fly out, F4 (Popup, 34S, EV 82.5 MPH)
|
|
Batting: RHB Josh Patterson
|
0-0: Foul Ball, location: 2F 0-1: Ball 1-1: Ball 2-1: Swinging Strike 2-2: Foul Ball, location: 2F 2-2: Strikes out swinging
|
| Bottom of the 6th over - 0 runs, 0 hits, 0 errors, 0 left on base; Greenville 0 - Lake County 0 |
| TOP OF THE 7TH |
|
Greenville Drive batting - Pitching for Lake County Captains : RHP Nesty Pulido
|
|
Batting: RHB Aukukero Tairi
|
0-0: Ball 1-0: Foul Ball, location: 2F 1-1: Ball 2-1: Swinging Strike 2-2: Strikes out looking
|
|
Batting: SHB Salvador Padilla
|
0-0: Foul Ball, location: 2F 0-1: Ball 1-1: Ball 2-1: Fly out, F3 (Line Drive, 34D, EV 73.1 MPH)
|
|
Batting: SHB Robert Soto
|
0-0: Ground out 4-3 (Groundball, 34, EV 98.8 MPH)
|
| Top of the 7th over - 0 runs, 0 hits, 0 errors, 0 left on base; Greenville 0 - Lake County 0 |
| BOTTOM OF THE 7TH |
|
Lake County Captains batting - Pitching for Greenville Drive : RHP John LaMotte
|
|
Batting: LHB Esteban Cordova
|
0-0: Ball 1-0: Ball 2-0: DOUBLE (Line Drive, 9LS, EV 94.4 MPH)
|
|
Batting: RHB Jose Valtierra
|
0-0: Called Strike 0-1: Ball 1-1: Called Strike 1-2: Foul Ball, location: 2F 1-2: Foul Ball, location: 2F 1-2: Strikes out looking
|
|
Batting: RHB Carlos Salazar
|
0-0: Ball 1-0: Called Strike 1-1: Fly out, F7 (Line Drive, 7, EV 105.0 MPH) Lined into DP, 7-4 (Line Drive, 7, EV 105.0 MPH)
|
| Bottom of the 7th over - 0 runs, 1 hit, 0 errors, 0 left on base; Greenville 0 - Lake County 0 |
| TOP OF THE 8TH |
|
Greenville Drive batting - Pitching for Lake County Captains : RHP Nesty Pulido
|
|
Batting: LHB Danny Montoya
|
0-0: Ball 1-0: Foul Ball, location: 2F 1-1: SINGLE (Groundball, 6M, EV 99.4 MPH) (infield hit)
|
|
Batting: RHB Alex Cardenas
|
0-0: Ball 1-0: Called Strike 1-1: Ball 2-1: Ball 3-1: Foul Ball, location: 2F 3-2: Base on Balls Danny Montoya to second
|
|
Pinch Hitting: LHB Carlos Guerra
|
0-0: Ball 1-0: Fielders Choice at 2nd, 2-6 (Groundball, 13S, EV 69.4 MPH) Danny Montoya to third
|
|
Pinch Hitting: LHB Eddie Contreras
|
0-0: Ball 1-0: Called Strike 1-1: Grounds into double play, 6-4-3 (Groundball, 6, EV 80.0 MPH)
|
| Top of the 8th over - 0 runs, 1 hit, 0 errors, 1 left on base; Greenville 0 - Lake County 0 |
| BOTTOM OF THE 8TH |
|
Lake County Captains batting - Pitching for Greenville Drive : RHP John LaMotte
|
|
Now at 2B: Carlos Guerra
|
|
|
Now in LF: Guillermo Quintero
|
|
|
Batting: RHB Steve Gusman
|
0-0: Ground out 6-3 (Groundball, 6, EV 93.8 MPH)
|
|
Batting: RHB Tony Gonzales
|
0-0: Foul Ball, location: 2F 0-1: Foul Ball, location: 2F 0-2: Strikes out swinging
|
|
Batting: RHB Tacito Carreiro
|
0-0: Ball 1-0: Ball 2-0: Ball 3-0: Base on Balls
|
|
Batting: RHB Juan Ordonez
|
0-0: Called Strike 0-1: Ground out 6-3 (Groundball, 56, EV 100.6 MPH)
|
| Bottom of the 8th over - 0 runs, 0 hits, 0 errors, 1 left on base; Greenville 0 - Lake County 0 |
| TOP OF THE 9TH |
|
Greenville Drive batting - Pitching for Lake County Captains : RHP Nesty Pulido
|
|
Batting: LHB Robert Gonzalez
|
0-0: Fly out, F3 (Line Drive, 3D, EV 65.0 MPH)
|
|
Batting: RHB Bobby Schimke
|
0-0: Ball 1-0: Ground out 4-3 (Groundball, 34D, EV 100.6 MPH)
|
|
Batting: RHB Aukukero Tairi
|
0-0: Ball 1-0: Ball 2-0: Called Strike 2-1: Foul Ball, location: 2F 2-2: Ball 3-2: Foul Ball, location: 2F 3-2: Base on Balls
|
|
Batting: SHB Salvador Padilla
|
0-0: Called Strike 0-1: Ball Aukukero Tairi steals 2nd base 1-1: Ball 2-1: DOUBLE (Line Drive, 9LD, EV 104.4 MPH) Aukukero Tairi scores
|
|
Batting: SHB Robert Soto
|
0-0: Called Strike 0-1: Foul Ball, location: 2F 0-2: Ball 1-2: Ground out 6-3 (Groundball, 6, EV 82.5 MPH)
|
| Top of the 9th over - 1 run, 1 hit, 0 errors, 1 left on base; Greenville 1 - Lake County 0 |
| BOTTOM OF THE 9TH |
|
Lake County Captains batting - Pitching for Greenville Drive : RHP John LaMotte
|
|
Pitching: RHP Ross Ratcliffe
|
|
|
Pinch Hitting: LHB Frank Hill
|
0-0: Ground out 6-3 (Groundball, 56, EV 81.9 MPH)
|
|
Batting: RHB Josh Patterson
|
0-0: Ball 1-0: Called Strike 1-1: Ground out 4-3 (Groundball, 13, EV 87.5 MPH)
|
|
Pitching: LHP Roald van Erkel
|
|
|
Batting: LHB Esteban Cordova
|
0-0: Called Strike 0-1: Foul Ball, location: 2F 0-2: Ball 1-2: Ball 2-2: Ball 3-2: Base on Balls
|
|
Batting: RHB Jose Valtierra
|
0-0: Ball 1-0: Ball 2-0: Called Strike 2-1: Foul Ball, location: 2F 2-2: Ball 3-2: Base on Balls Esteban Cordova to second
|
|
Batting: RHB Carlos Salazar
|
0-0: Ball 1-0: Foul Ball, location: 2F 1-1: Fielders Choice at 2nd, 5-4 (Groundball, 56, EV 87.5 MPH)
|
| Bottom of the 9th over - 0 runs, 0 hits, 0 errors, 2 left on base; Greenville 1 - Lake County 0 |
|